 Dungeon Crawl Stone Soup version 0.16.1-18-g436b03c (webtiles) character file.

7 noize the Chiller (level 2, -5/13 HPs)
             Began as a Vine Stalker Ice Elementalist on May 5, 2015.
             Hit by a tomahawk of returning thrown by a hobgoblin (6 damage)
             ... on level 1 of the Dungeon.
             The game lasted 00:01:00 (421 turns).

noize the Chiller (Vine Stalker Ice Elementalist)    Turns: 421, Time: 00:01:00

Health: -5/13      AC:  3    Str: 10    XL:     2   Next: 0%
Magic:  0/5        EV: 12    Int: 15    God:
Gold:   24         SH:  0    Dex: 14    Spells: 1 memorised, 4 levels left

rFire  . . .     SeeInvis .     (no weapon)
rCold  . . .     Clarity  .     a - +0 robe
rNeg   . . .     SustAb   .     (no shield)
rPois  .         Gourm    .     (no helmet)
rElec  .         Spirit   +     (no cloak)
rCorr  .         Warding  .     f - +0 pair of gloves
rMut   .         Stasis   .     (no boots)
MR     .....                    (no amulet)
Stlth  ++........               (no ring)
                                (no ring)

@: very slightly contaminated, not resistant to hostile enchantments, unstealthy
A: fangs 2, regeneration 1, magic shield, antimagic bite, no device heal 3, rot
immunity
a: no special abilities


You were on level 1 of the Dungeon.
You were not hungry.

You visited 1 branch of the dungeon, and saw 1 of its levels.

You collected 24 gold pieces.

Inventory:

Missiles
 m - 2 tomahawks of returning (quivered)
Armour
 a - a +0 robe (worn)
 f - a +0 pair of gloves (worn)
Jewellery
 i - a +2 ring of protection {unknown}
Scrolls
 d - a scroll of random uselessness {unknown}
 e - 2 scrolls of identify {unknown}
 g - a scroll of fog {unknown}
 l - a scroll of enchant weapon {unknown}
Potions
 j - a potion of curing {unknown}
 k - a potion of flight {unknown}
Books
 b - a book of Frost

   Spells                             Type                      Level
   a - Freeze                         Ice                          1
   b - Throw Frost                    Conjuration/Ice              2
   c - Ozocubu's Armour               Charms/Ice                   3
   d - Throw Icicle                   Conjuration/Ice              4
   e - Summon Ice Beast               Ice/Summoning                4
   f - Condensation Shield            Ice                          4
Comestibles
 c - a bread ration
 h - a beef jerky


   Skills:
 + Level 1.6 Dodging
 + Level 2.7 Stealth
 + Level 2.2 Spellcasting
   Level 1.0 Conjurations
 + Level 3.2 Ice Magic


You had 4 spell levels left.
You knew the following spells:

 Your Spells              Type           Power        Failure   Level  Hunger
a - Freeze                Ice            ##..         8%          1    #......


Dungeon Overview and Level Annotations

Branches:
Dungeon (1/15)

Altars:


Innate Abilities, Weirdness & Mutations

You have extremely sharp teeth.
Your natural rate of healing is unusually fast.
When hurt, damage is shared between your health and your magic reserves.
Your bite disrupts and absorbs the magic of your enemies.
Potions and wands cannot restore your health.
You are immune to rotting.


Message History

The hobgoblin throws a tomahawk of returning.
The tomahawk of returning hits you.
You see here a tomahawk of returning.
Casting: Freeze
Confirm with . or Enter, or press ? or * to list all spells.
Aiming: Freeze
Press: ? - help, Shift-Dir - straight line, f - hobgoblin
Aim: a hobgoblin You miscast Freeze.
You are very lightly contaminated with residual magic.
Frost covers your body. The hobgoblin hits you.
* * * LOW HITPOINT WARNING * * *
The hobgoblin throws a tomahawk of returning.
The tomahawk of returning hits you.
* * * LOW HITPOINT WARNING * * *
You see here 2 tomahawks of returning.
m - 2 tomahawks of returning The hobgoblin throws a tomahawk of returning.
The tomahawk of returning hits you.
You die...

......#
.......#### #
........... .
'.......... #
#.$.......# #
#........# #
#.^...g..# #####
#........# ....#
###...@### ....#
#....# ....#
#)...# ....#
#....#
#############....#
#..............###
#.##############
#.#.......
#....#### .#


You could see a hobgoblin.

Vanquished Creatures
  3 goblins (D:1)
  A hobgoblin (D:1)
  3 rats (D:1)
7 creatures vanquished.

Notes
Turn   | Place    | Note
--------------------------------------------------------------
     0 | D:1      | noize, the Vine Stalker Ice Elementalist, began the quest for the Orb.
     0 | D:1      | Reached XP level 1. HP: 9/9 MP: 3/3
   412 | D:1      | Reached XP level 2. HP: 13/13 MP: 3/5
   421 | D:1      | Hit by a tomahawk of returning thrown by a hobgoblin

Action                   || total
-------------------------++-------
Melee: Unarmed           ||     5
 Cast: Freeze            ||    11
 Stab: Sleeping          ||     1
